[ PARTIDA AOE2 · #495792944 ]
UnrankedMongoles vs Vietnamese
Equipo del jugador · DERR
Equipo rival · VICT
[ ANÁLISIS DE REPETICIÓN · EXTRAÍDO DE LA PARTIDA GRABADA ]
Feudal
11:08
Castillos
19:57
Imperial
—
| APM promedio | 25.3 |
| APM pico | 58 |
| eAPM promedio | 16.7 |
| Aldeanos / militares | 66 / 51 |
Foco
⚔️ 25.6% · 🌾 74.4%
Mangudai ×30 · Knight ×12 · Steppe Lancer ×7 · Monk ×2
Feudal
9:42
Castillos
22:15
Imperial
41:25
| APM promedio | 38.7 |
| APM pico | 74 |
| eAPM promedio | 21.2 |
| Aldeanos / militares | 112 / 85 |
Foco
⚔️ 29.4% · 🌾 70.6%
Skirmisher ×30 · Knight ×24 · Archer ×15 · Scout Cavalry ×8 · Mangonel ×3 · Monk ×2
Mapa de la partida
Recursos iniciales + cada clic de construcción. Líneas = muros · curvas = relieve. ◆ oro · ⬟ piedra · ● bayas · ✦ reliquia · ◌ hueco del cierre
Tu base· Abierta — el rival se encerró
Base de Davey_Dave· ✓ Cerrada en 22:15 · 44t muro · sin puerta
Terreno inicial suavizado · ◌ = hueco del cierre detectado · pasá el cursor para detalles
Inputs por minuto
— ^^JOPE^^ - - Davey_Dave
Build order — ^^JOPE^^
Primeras 150 de 240 acciones detectadas
| 0:01 | Encolar | Villager (Male) |
| 0:01 | Encolar | Villager (Male) |
| 0:01 | Encolar | Villager (Male) |
| 0:02 | Encolar | Villager (Male) |
| 0:03 | Construir | House |
| 0:04 | Construir | House |
| 1:27 | Encolar | Villager (Male) |
| 1:53 | Encolar | Villager (Male) |
| 2:36 | Encolar | Villager (Male) |
| 2:37 | Encolar | Villager (Male) |
| 2:42 | Investigar | Loom |
| 2:50 | Encolar | Villager (Male) |
| 3:04 | Encolar | Villager (Male) |
| 3:04 | Encolar | Villager (Male) |
| 3:34 | Encolar | Villager (Male) |
| 3:34 | Encolar | Villager (Male) |
| 3:43 | Construir | House |
| 3:49 | Encolar | Villager (Male) |
| 3:51 | Encolar | Villager (Male) |
| 4:06 | Encolar | Villager (Male) |
| 4:32 | Encolar | Villager (Male) |
| 4:51 | Encolar | Villager (Male) |
| 5:07 | Construir | House |
| 5:21 | Construir | Mill |
| 5:27 | Encolar | Villager (Male) |
| 5:49 | Encolar | Villager (Male) |
| 6:20 | Encolar | Villager (Male) |
| 7:14 | Construir | Lumber Camp |
| 7:38 | Construir | Mill |
| 7:48 | Encolar | Villager (Male) |
| 8:12 | Encolar | Villager (Male) |
| 8:31 | Investigar | Feudal Age |
| 8:55 | Construir | House |
| 9:38 | Construir | Mining Camp |
| 10:44 | Construir | Palisade Wall |
| 11:06 | Encolar | Villager (Male) |
| 11:08 | Edad | Edad Feudal |
| 11:19 | Construir | Market |
| 11:32 | Encolar | Villager (Male) |
| 11:34 | Investigar | Wheelbarrow |
| 11:39 | Investigar | Double-Bit Axe |
| 11:59 | Construir | Palisade Wall |
| 12:01 | Construir | Palisade Wall |
| 12:03 | Construir | Palisade Wall |
| 12:06 | Construir | Palisade Wall |
| 12:09 | Construir | Palisade Wall |
| 12:10 | Construir | Palisade Wall |
| 12:28 | Construir | Market |
| 12:43 | Construir | Blacksmith |
| 13:18 | Construir | House |
| 13:51 | Construir | Palisade Wall |
| 14:02 | Construir | Palisade Wall |
| 14:59 | Construir | House |
| 15:18 | Investigar | Fletching |
| 15:21 | Investigar | Town Watch |
| 15:31 | Construir | Farm |
| 15:33 | Construir | Farm |
| 15:33 | Construir | Farm |
| 15:34 | Construir | Farm |
| 15:35 | Construir | Farm |
| 15:36 | Construir | Farm |
| 15:42 | Construir | Palisade Wall |
| 15:44 | Construir | Palisade Wall |
| 15:46 | Construir | Palisade Wall |
| 15:48 | Construir | Palisade Wall |
| 16:00 | Encolar | Villager (Male) |
| 16:04 | Encolar | Villager (Male) |
| 16:08 | Construir | House |
| 16:26 | Construir | Farm |
| 17:17 | Investigar | Castle Age |
| 17:25 | Construir | House |
| 17:55 | Construir | House |
| 18:04 | Investigar | Horse Collar |
| 18:58 | Construir | House |
| 19:40 | Construir | Mining Camp |
| 19:43 | Construir | House |
| 19:46 | Construir | House |
| 19:48 | Construir | House |
| 19:57 | Edad | Edad de los Castillos |
| 20:00 | Encolar | Villager (Male) |
| 20:42 | Investigar | Hand Cart |
| 20:47 | Construir | Palisade Wall |
| 21:05 | Encolar | Villager (Male) |
| 21:13 | Construir | Farm |
| 21:50 | Encolar | Villager (Male) |
| 22:19 | Construir | Castle |
| 22:28 | Construir | House |
| 22:30 | Construir | House |
| 22:34 | Construir | Palisade Wall |
| 22:49 | Encolar | Villager (Male) |
| 22:50 | Encolar | Villager (Male) |
| 23:13 | Construir | Palisade Wall |
| 23:20 | Encolar | Villager (Male) |
| 23:38 | Encolar | Mangudai |
| 23:38 | Encolar | Mangudai |
| 23:38 | Encolar | Mangudai |
| 23:39 | Encolar | Mangudai |
| 23:39 | Encolar | Mangudai |
| 24:01 | Encolar | Villager (Male) |
| 24:17 | Construir | University |
| 24:38 | Construir | Farm |
| 24:58 | Encolar | Mangudai |
| 25:25 | Encolar | Mangudai |
| 25:46 | Encolar | Villager (Male) |
| 25:47 | Encolar | Villager (Male) |
| 25:48 | Encolar | Villager (Male) |
| 25:52 | Encolar | Villager (Male) |
| 26:03 | Construir | Palisade Wall |
| 26:29 | Investigar | Town Watch |
| 26:33 | Encolar | Villager (Male) |
| 27:08 | Construir | Town Center |
| 27:19 | Encolar | Villager (Male) |
| 27:21 | Encolar | Villager (Male) |
| 28:12 | Construir | Farm |
| 28:55 | Encolar | Villager (Male) |
| 28:59 | Investigar | Bodkin Arrow |
| 30:18 | Encolar | Villager (Male) |
| 30:20 | Encolar | Villager (Male) |
| 30:20 | Encolar | Villager (Male) |
| 30:26 | Construir | Lumber Camp |
| 30:29 | Encolar | Mangudai |
| 30:29 | Encolar | Mangudai |
| 30:30 | Encolar | Mangudai |
| 30:30 | Encolar | Mangudai |
| 30:31 | Encolar | Mangudai |
| 30:32 | Construir | Farm |
| 30:46 | Investigar | Masonry |
| 30:51 | Investigar | Padded Archer Armor |
| 31:17 | Encolar | Villager (Male) |
| 31:18 | Encolar | Villager (Male) |
| 31:19 | Encolar | Villager (Male) |
| 31:48 | Construir | Town Center |
| 32:14 | Encolar | Villager (Male) |
| 32:16 | Construir | House |
| 32:17 | Construir | House |
| 32:58 | Construir | Barracks |
| 33:01 | Encolar | Villager (Male) |
| 33:04 | Encolar | Villager (Male) |
| 33:11 | Encolar | Villager (Male) |
| 33:12 | Encolar | Villager (Male) |
| 34:17 | Construir | Monastery |
| 34:22 | Encolar | Villager (Male) |
| 34:23 | Encolar | Villager (Male) |
| 34:24 | Construir | Farm |
| 34:27 | Construir | Farm |
| 35:01 | Construir | Stable |
| 35:03 | Construir | Stable |
| 35:14 | Construir | Lumber Camp |
| 36:02 | Investigar | Bloodlines |
| 36:07 | Encolar | Knight |
Build order — Davey_Dave
Primeras 150 de 345 acciones detectadas
| 0:00 | Encolar | Villager (Male) |
| 0:01 | Encolar | Villager (Male) |
| 0:01 | Encolar | Villager (Male) |
| 0:01 | Encolar | Villager (Male) |
| 0:01 | Encolar | Villager (Male) |
| 0:04 | Construir | House |
| 0:06 | Construir | House |
| 1:32 | Encolar | Villager (Male) |
| 1:57 | Construir | Lumber Camp |
| 2:15 | Encolar | Villager (Male) |
| 2:47 | Encolar | Villager (Male) |
| 2:48 | Encolar | Villager (Male) |
| 2:48 | Encolar | Villager (Male) |
| 3:26 | Encolar | Villager (Male) |
| 3:43 | Construir | House |
| 3:53 | Construir | House |
| 4:29 | Encolar | Villager (Male) |
| 4:38 | Construir | Mill |
| 4:47 | Encolar | Villager (Male) |
| 5:09 | Encolar | Villager (Male) |
| 5:43 | Encolar | Villager (Male) |
| 6:16 | Encolar | Villager (Male) |
| 6:38 | Encolar | Villager (Male) |
| 7:04 | Encolar | Villager (Male) |
| 7:32 | Investigar | Feudal Age |
| 8:45 | Construir | Barracks |
| 8:53 | Encolar | Villager (Male) |
| 8:53 | Encolar | Villager (Male) |
| 9:42 | Edad | Edad Feudal |
| 9:46 | Investigar | Double-Bit Axe |
| 9:58 | Construir | Stable |
| 10:03 | Encolar | Villager (Male) |
| 10:10 | Encolar | Spearman |
| 10:13 | Construir | House |
| 10:19 | Investigar | Loom |
| 10:38 | Encolar | Villager (Male) |
| 10:44 | Encolar | Scout Cavalry |
| 10:44 | Encolar | Scout Cavalry |
| 10:47 | Construir | House |
| 10:56 | Encolar | Villager (Male) |
| 10:59 | Construir | Farm |
| 11:12 | Construir | Farm |
| 11:17 | Construir | Palisade Wall |
| 11:21 | Construir | House |
| 11:30 | Encolar | Scout Cavalry |
| 11:33 | Encolar | Villager (Male) |
| 11:35 | Construir | Farm |
| 11:45 | Construir | Palisade Wall |
| 11:59 | Encolar | Villager (Male) |
| 12:02 | Construir | Farm |
| 12:03 | Construir | Farm |
| 12:07 | Encolar | Villager (Male) |
| 12:32 | Construir | Palisade Wall |
| 12:37 | Construir | Farm |
| 12:41 | Encolar | Villager (Male) |
| 12:57 | Construir | Blacksmith |
| 13:21 | Encolar | Scout Cavalry |
| 13:26 | Construir | House |
| 13:29 | Investigar | Horse Collar |
| 13:34 | Construir | Farm |
| 13:37 | Construir | Farm |
| 13:47 | Construir | House |
| 13:50 | Encolar | Villager (Male) |
| 13:54 | Construir | Farm |
| 14:05 | Construir | Farm |
| 14:56 | Construir | House |
| 14:57 | Encolar | Villager (Male) |
| 15:00 | Investigar | Scale Barding Armor |
| 15:19 | Encolar | Scout Cavalry |
| 15:24 | Construir | Palisade Wall |
| 15:28 | Encolar | Villager (Male) |
| 15:34 | Construir | Farm |
| 15:39 | Construir | House |
| 15:48 | Construir | Mill |
| 16:00 | Encolar | Villager (Male) |
| 16:03 | Construir | Mining Camp |
| 16:08 | Encolar | Villager (Male) |
| 16:14 | Construir | Palisade Wall |
| 16:25 | Encolar | Villager (Male) |
| 16:39 | Construir | Farm |
| 16:39 | Encolar | Villager (Male) |
| 16:54 | Construir | Farm |
| 17:08 | Construir | House |
| 17:24 | Encolar | Villager (Male) |
| 17:52 | Construir | House |
| 17:55 | Encolar | Villager (Male) |
| 18:04 | Construir | Palisade Wall |
| 18:13 | Encolar | Villager (Male) |
| 19:01 | Construir | Farm |
| 19:16 | Construir | Market |
| 19:17 | Construir | Palisade Wall |
| 19:35 | Investigar | Castle Age |
| 20:10 | Construir | Archery Range |
| 20:51 | Construir | Lumber Camp |
| 20:58 | Investigar | Gold Mining |
| 21:01 | Investigar | Fletching |
| 21:05 | Construir | Palisade Wall |
| 21:22 | Construir | Palisade Wall |
| 21:36 | Encolar | Archer |
| 21:36 | Encolar | Archer |
| 21:53 | Investigar | Padded Archer Armor |
| 21:58 | Encolar | Archer |
| 22:15 | Edad | Edad de los Castillos |
| 22:18 | Encolar | Villager (Male) |
| 22:19 | Encolar | Villager (Male) |
| 22:25 | Investigar | Bow Saw |
| 22:29 | Investigar | Crossbowman (upgrade) |
| 23:20 | Construir | Town Center |
| 23:22 | Encolar | Villager (Male) |
| 23:27 | Investigar | Heavy Plow |
| 23:36 | Investigar | Light Cavalry (upgrade) |
| 23:39 | Encolar | Villager (Male) |
| 23:49 | Construir | House |
| 24:00 | Encolar | Archer |
| 24:07 | Investigar | Bodkin Arrow |
| 24:17 | Encolar | Villager (Male) |
| 24:31 | Investigar | Leather Archer Armor |
| 24:45 | Encolar | Villager (Male) |
| 24:47 | Encolar | Villager (Male) |
| 24:48 | Encolar | Villager (Male) |
| 24:48 | Encolar | Villager (Male) |
| 24:53 | Encolar | Archer |
| 25:05 | Construir | Lumber Camp |
| 25:21 | Construir | Farm |
| 25:22 | Encolar | Villager (Male) |
| 25:24 | Encolar | Villager (Male) |
| 25:30 | Encolar | Archer |
| 25:42 | Construir | Monastery |
| 25:45 | Encolar | Villager (Male) |
| 25:47 | Encolar | Villager (Male) |
| 25:56 | Encolar | Archer |
| 26:07 | Encolar | Scout Cavalry |
| 26:38 | Construir | Town Center |
| 26:46 | Construir | Farm |
| 26:47 | Encolar | Villager (Male) |
| 26:49 | Investigar | Wheelbarrow |
| 26:53 | Encolar | Archer |
| 27:05 | Encolar | Villager (Male) |
| 27:20 | Encolar | Monk |
| 27:39 | Encolar | Villager (Male) |
| 27:44 | Construir | Mining Camp |
| 27:56 | Encolar | Archer |
| 28:15 | Construir | Siege Workshop |
| 28:23 | Construir | Farm |
| 28:30 | Investigar | Hand Cart |
| 28:31 | Encolar | Villager (Male) |
| 28:31 | Encolar | Villager (Male) |
| 28:49 | Encolar | Villager (Male) |
| 29:02 | Encolar | Mangonel |
| 29:13 | Encolar | Archer |
Cronología de la partida
| 8:45 | Davey_Dave · first_building Barracks |
| 9:42 | Davey_Dave · age_up feudal |
| 9:58 | Davey_Dave · first_building Stable |
| 10:44 | ^^JOPE^^ · wall_segment Palisade Wall x4 |
| 11:08 | ^^JOPE^^ · age_up feudal |
| 11:17 | Davey_Dave · wall_segment Palisade Wall x1 |
| 11:45 | Davey_Dave · wall_segment Palisade Wall x2 |
| 11:59 | ^^JOPE^^ · wall_segment Palisade Wall x1 |
| 12:01 | ^^JOPE^^ · wall_segment Palisade Wall x1 |
| 12:03 | ^^JOPE^^ · wall_segment Palisade Wall x1 |
| 12:06 | ^^JOPE^^ · wall_segment Palisade Wall x1 |
| 12:09 | ^^JOPE^^ · wall_segment Palisade Wall x1 |
| 12:10 | ^^JOPE^^ · wall_segment Palisade Wall x1 |
| 12:32 | Davey_Dave · wall_segment Palisade Wall x6 |
| 13:51 | ^^JOPE^^ · wall_segment Palisade Wall x5 |
| 14:02 | ^^JOPE^^ · wall_segment Palisade Wall x1 |
| 15:24 | Davey_Dave · wall_segment Palisade Wall x11 |
| 15:42 | ^^JOPE^^ · wall_segment Palisade Wall x1 |
| 15:44 | ^^JOPE^^ · wall_segment Palisade Wall x1 |
| 15:46 | ^^JOPE^^ · wall_segment Palisade Wall x1 |
| 15:48 | ^^JOPE^^ · wall_segment Palisade Wall x2 |
| 16:14 | Davey_Dave · wall_segment Palisade Wall x13 |
| 17:09 | ^^JOPE^^ · first_market_buy 100 food |
| 17:15 | ^^JOPE^^ · first_market_sell 100 stone |
| 18:04 | Davey_Dave · wall_segment Palisade Wall x9 |
| 19:17 | Davey_Dave · wall_segment Palisade Wall x1 |
| 19:57 | ^^JOPE^^ · age_up castle |
| 20:10 | Davey_Dave · first_building Archery Range |
| 20:47 | ^^JOPE^^ · wall_segment Palisade Wall x6 |
| 21:05 | Davey_Dave · wall_segment Palisade Wall x1 |
| 21:22 | Davey_Dave · wall_segment Palisade Wall x1 |
| 22:15 | Davey_Dave · age_up castle |
| 22:19 | ^^JOPE^^ · first_building Castle |
| 22:34 | ^^JOPE^^ · wall_segment Palisade Wall x1 |
| 23:13 | ^^JOPE^^ · wall_segment Palisade Wall x6 |
| 25:42 | Davey_Dave · first_building Monastery |
| 26:03 | ^^JOPE^^ · wall_segment Palisade Wall x10 |
| 28:15 | Davey_Dave · first_building Siege Workshop |
| 32:58 | ^^JOPE^^ · first_building Barracks |
| 34:17 | ^^JOPE^^ · first_building Monastery |
| 35:01 | ^^JOPE^^ · first_building Stable |
| 38:57 | Davey_Dave · first_building Castle |
| 40:38 | Davey_Dave · first_market_buy 100 wood |
| 41:25 | Davey_Dave · age_up imperial |
| 49:29 | ^^JOPE^^ · resign |
[ ANÁLISIS IA · 1 CRÉDITO ]
¿Qué pasó realmente en esta partida?
Wolo.gg analiza cada decisión: build order, eco, micro, errores típicos por bracket. Análisis personalizado por WhatsApp o Discord en 30 segundos.
Guía civ
Mongoles
Perfil
Jugador #1555100